 Dungeon Crawl Stone Soup version 0.18-a0-1577-gf591c28 (webtiles) character file.

66 M4edhros the Grasshopper (level 4, 0/29 HPs)
             Began as an Octopode Warper on Mar 20, 2016.
             Succumbed to an adder's poison
             ... on level 1 of the Dungeon.
             The game lasted 00:02:46 (2112 turns).

M4edhros the Grasshopper (Octopode Warper)          Turns: 2112, Time: 00:02:46

Health: 0/29       AC:  1    Str:  9 (10) XL:     4   Next: 15%
Magic:  7/7        EV: 12    Int: 12 (15) God:
Gold:   184        SH:  0    Dex: 12      Spells: 1 memorised, 6 levels left

rFire  . . .     SeeInvis .     h - +1 dagger (flame)
rCold  . . .     Gourm    .     (no shield)
rNeg   . . .     Faith    .     (helmet restricted)
rPois  .         Spirit   .     o - amulet of inaccuracy (curse)
rElec  .         Dismiss  .     (no ring)
rCorr  .         Reflect  .     (no ring)
SustAt .         Harm     .     (no ring)
MR     .....                    (no ring)
Stlth  ++........               (no ring)
                                (no ring)
                                (no ring)
                                (no ring)

@: lethally poisoned (0 -> -2), very slightly contaminated, not resistant to
hostile enchantments, unstealthy
A: almost no armour, amphibious, 8 rings, constrict 8, camouflage 1, gelatinous
body 1
a: no special abilities


You were on level 1 of the Dungeon.
You were not hungry.

You visited 1 branch of the dungeon, and saw 2 of its levels.

You collected 184 gold pieces.

Inventory:

Hand Weapons
 h - a +1 dagger of flaming (weapon)
Missiles
 c - 5 tomahawks of dispersal (quivered)
 e - 15 sling bullets
 f - 15 poisoned sling bullets
 j - 34 stones
Jewellery
 o - a cursed amulet of inaccuracy (around mantle)
Scrolls
 g - 2 scrolls of identify
 l - 2 scrolls of recharging
 n - a scroll of fog {unknown}
Books
 a - a book of Spatial Translocations

   Spells                             Type                      Level
   a - Apportation                    Translocation                1
   b - Blink                          Translocation                2
   c - Shroud of Golubria             Charms/Translocation         2
   d - Portal Projectile              Translocation                3
   e - Teleport Other                 Translocation                3
   f - Passage of Golubria            Translocation                4
Comestibles
 d - 3 bread rations
 k - 2 beef jerkies


   Skills:
 - Level 2.0 Fighting
 - Level 1.0 Throwing
 - Level 2.3 Dodging
 - Level 2.0 Unarmed Combat
 - Level 2.0 Spellcasting
 + Level 4.9 Translocations


You had 6 spell levels left.
You knew the following spells:

 Your Spells              Type           Power        Failure   Level  Hunger
a - Apportation           Tloc           ##........   4%          1    ##.....


Dungeon Overview and Level Annotations

Branches:
Dungeon (2/15)

Altars:


Innate Abilities, Weirdness & Mutations

You cannot wear most types of armour.
You are amphibious.
You can wear up to eight rings at the same time.
You can use your tentacles to constrict eight enemies at once.
Your skin changes colour to match your surroundings (Stealth).
Your rubbery body absorbs attacks (AC +1).


Message History

* * * LOW HITPOINT WARNING * * *
You feel sick.
* * * LOW HITPOINT WARNING * * *
You feel sick.
* * * LOW HITPOINT WARNING * * *
You feel sick.
* * * LOW HITPOINT WARNING * * *
You feel sick.
* * * LOW HITPOINT WARNING * * *
You feel sick.
* * * LOW HITPOINT WARNING * * *
You feel sick.
There is a stone staircase leading up here.
You climb upwards.
There is a stone staircase leading down here.
There is a lethal amount of poison in your body!
There is a lethal amount of poison in your body!
* * * LOW HITPOINT WARNING * * *
You feel sick.
You die...

##...######..### #...........
...............#### #...........
#...##.....###....# #...........
.....####.........#####..........
......# #...###......###.........
......# #.#.#####.##............#
......###.#..# #.##.....#......#
.....###..##.# ##.##.#.#........#
.......#.###.###@........#.......
.......#.# #.##....##...###......
.........###.#..##.#..#.###..####
......##....................##
.....###รท#......#.##....#....#
#...## #.#)####.........####.####
###.####.#.# #...................
#...##...# #.##.....#.####.##..
###....### #.##..#....####.#...


There were no monsters in sight!

Vanquished Creatures
  3 adders (D:2)
  A worm (D:2)
  A dart slug (D:2)
  A giant gecko (D:1)
  4 bats (D:1)
  A giant cockroach (D:2)
  5 goblins
  4 hobgoblins
  4 jackals (D:1)
  2 giant newts (D:2)
  2 kobolds (D:2)
  5 rats
33 creatures vanquished.

Notes
Turn   | Place    | Note
--------------------------------------------------------------
     0 | D:1      | M4edhros the Octopode Warper began the quest for the Orb.
     0 | D:1      | Reached XP level 1. HP: 14/14 MP: 3/3
   150 | D:1      | Reached XP level 2. HP: 12/19 MP: 5/5
   688 | D:2      | Reached skill level 4 in Translocations
   688 | D:2      | Reached XP level 3. HP: 8/24 MP: 6/6
  2058 | D:2      | Reached XP level 4. HP: 29/29 MP: 7/7
  2108 | D:1      | HP: 1/29 [poisoned by an adder]
  2112 | D:1      | Succumbed to an adder's poison

Vault maps used:
D:1:      grunt_arrival_lava_bath
D:2:      first_bread, uniq_sigmund

Skill      XL: |  1  2 |
---------------+-------+-----
Translocations | 4 |  4.9
Fighting       | |  2.0
Throwing       | |  1.0
Dodging        | |  2.3
Unarmed Combat | |  2.0
Spellcasting   | |  2.0

Action                   |  1- 3 |  4- 6 || total
-------------------------+-------+-------++-------
Melee: Unarmed           |    22 |       ||    22
       Dagger            |    75 |    10 ||    85
  Use: Potion            |     4 |     3 ||     7
       Scroll            |     5 |     1 ||     6
 Stab: Sleeping          |     2 |       ||     2
  Eat: Chunk             |     4 |       ||     4
